 Adventure DCSS version bcrawl-1.22-26-g3963c97c8d (webtiles) character file.

Game seed: 7239031953254768088

103800 funkygono the Eclecticist (level 16, -13/95 HPs)
             Began as a Fairy Conjurer on May 18, 2020.
             Was a High Priest of Vehumet.
             Killed from afar by Roxanne (52 damage)
             ... with a crystal spear
             ... on level 1 of the Shoals on May 19, 2020.
             The game lasted 01:33:07 (27081 turns).

funkygono the Eclecticist (Fairy Conjurer)         Turns: 27081, Time: 01:33:08

Health: -13/95     AC: 19    Str:  6      XL:     16   Next: 1%
Magic:  2/50       EV: 23    Int: 23 (31) God:    Vehumet [*****.]
Gold:   1004       SH: 22    Dex: 12 (13) Spells: 8/52 levels left
                                        Lives:  0   Deaths: 2

rFire    . . .     SeeInvis .   b - +5 dagger (freeze)
rCold    . . .     Gourm    .   B - +2 buckler {rPois}
rNeg     . . .     Faith    .   (armour unavailable)
rPois    +         Spirit   .   y - +3 hat of Pondering {ponderous, MR+ MP+10 Int+5}
rElec    .         Reflect  +   a - +2 cloak
rCorr    .         Harm     .   J - +2 pair of gloves
MR       ++...                  (no boots)
Stlth    +++.......             w - +5 amulet of reflection
HPRegen  0.25/turn              q - ring of stealth
MPRegen  0.32/turn              A - +2 ring of protection

@: flying evasively, slightly contaminated, studying Fire Magic, slow
A: small, magic attunement, unstealthy, unfitting armour, able to fly, AC/SH +8
}: 1/15 runes: gossamer
a: Stop Flying, Renounce Religion


You were on level 1 of the Shoals.
You worshipped Vehumet.
Vehumet was extremely pleased with you.
You were not hungry.

You visited 6 branches of the dungeon, and saw 22 of its levels.
You also visited: Ossuary.

You collected 2574 gold pieces.
You spent 1570 gold pieces at shops.

Inventory:

Hand Weapons
 b - a +5 dagger of freezing (weapon)
 l - a +1 dagger of venom
Armour
 a - a +2 cloak (worn)
 y - the +3 hat of Pondering (worn) {ponderous, MR+ MP+10 Int+5}
   (You took it off Gastronok on level 9 of the Dungeon)

   It affects your intelligence (+5).
   It affects your resistance to hostile enchantments.
   It affects your magic capacity (+10).
 B - a +2 buckler of poison resistance (worn)
 J - a +2 pair of gloves (worn)
Jewellery
 q - a ring of stealth (left hand)
 t - a +3 ring of strength
 w - a +5 amulet of reflection (around neck)
 x - a +2 ring of intelligence
 A - a +2 ring of protection (right hand)
 C - a +2 ring of evasion
Wands
 i - a wand of flame (18)
Scrolls
 d - 11 scrolls of remove curse
 f - 5 scrolls of fog
 j - 11 scrolls of teleportation
 m - 3 scrolls of fear
 n - a scroll of amnesia
 v - 4 scrolls of magic mapping
 D - a scroll of enchant weapon
 I - 2 scrolls of blinking
Potions
 c - 3 potions of curing
 g - 3 potions of mutation
 k - 3 potions of haste
 o - 3 potions of heal wounds
 r - 2 potions of flight
 E - 2 potions of lignification
 G - a potion of agility
 H - 2 potions of ambrosia
Books
 s - a manual of Fire Magic
Comestibles
 e - 28 rations {!d}
 h - 7 chunks of flesh


   Skills:
 + Level 3.8 Fighting
 + Level 4.3 Short Blades
 + Level 11.7 Dodging
 - Level 1.5 Stealth
 + Level 8.7 Shields
 + Level 18.9 Spellcasting
 + Level 17.9 Conjurations
 + Level 0.3 Summonings
 + Level 3.4 Transmutations
 + Level 9.0 Fire Magic
 + Level 5.4 Air Magic
 + Level 3.2 Earth Magic
 + Level 12.7 Poison Magic


You had 8 spell levels left.
You knew the following spells:

 Your Spells              Type           Power        Failure   Level  Hunger
a - Magic Dart            Conj           ####         0%          1    None
b - Searing Ray           Conj           #######.     0%          2    None
c - Iskenderun's Mystic   Conj           #######.     0%          3    None
d - Mephitic Cloud        Conj/Pois/Air  ######..     1%          3    None
e - Venom Bolt            Conj/Pois      #######...   1%          5    None
f - Ignite Poison         Fire/Tmut/Pois ######..     1%          3    None
g - Flame Tongue          Conj/Fire      #####        0%          1    None
h - Stone Arrow           Conj/Erth      ######       1%          3    None
i - Fireball              Conj/Fire      ######....   1%          5    None
j - Lightning Bolt        Conj/Air       ######....   1%          5    None
k - Spellforged Servitor  Conj/Summ      ######....   12%         7    None
l - Bolt of Fire          Conj/Fire      ######....   1%          6    None

Your spell library contained the following spells:

 Spells                   Type           Power        Failure   Level  Hunger
 Shock                    Conj/Air       #####        0%          1    None
 Sting                    Conj/Pois      ####         0%          1    None
 Poisonous Vapours        Pois/Air       ######       1%          2    None
 Swiftness                Chrm/Air       ####....     1%          2    None
 Conjure Flame            Conj/Fire      ######..     1%          3    None
 Dazzling Spray           Conj/Hex       ######       1%          3    None
 Inner Flame              Hex/Fire       N/A          1%          3    None
 Spider Form              Tmut/Pois      ###          1%          3    None
 Static Discharge         Air            #####...     1%          3    None
 Airstrike                Air            #####.....   1%          4    None
 Fulminant Prism          Conj/Hex       ######....   1%          4    None
 Olgreb's Toxic Radiance  Pois           ######...    1%          4    None
 Summon Scorpions         Summ/Pois      ######..     1%          4    None
 Irradiate                Conj/Tmut      ######....   1%          5    None
 Iskenderun's Battlesphe  Conj/Chrm      ######..     1%          5    None
 Iron Shot                Conj/Erth      ######....   1%          6    None
 Poison Arrow             Conj/Pois      #######...   1%          6    None
 Orb of Destruction       Conj           #######...   1%          7    None
 Corona                   Hex            ###....      2%          1    None
 Blink                    Tloc           N/A          3%          2    None
 Call Imp                 Summ           ###...       3%          2    None
 Ensorcelled Hibernation  Hex/Ice        ###...       3%          2    None
 Shackle                  Hex            ###.....     3%          2    None
 Yara's Violent Unravell  Hex/Tmut       ####......   3%          4    None
 False Image              Hex/Summ       ###.....     6%          3    None
 Confuse                  Hex            ###.....     7%          3    None
 Tukima's Dance           Hex            ###.....     7%          3    None
 Cause Fear               Hex            ###.......   22%         4    None


Dungeon Overview and Level Annotations

Branches:
Dungeon (10/12)            Temple (1/1) D:4            Lair (6/6) D:7
 Shoals (1/3) Lair:2       Spider (3/3) Lair:4        Slime (0/5) Lair:6
    Orc (1/1) D:10            Elf (0/3) Orc

Altars:
Ashenzari
Cheibriados
Dithmenos
Elyvilon
Fedhas
Gozag
Hepliaklqana
Kikubaaqudgha
Lugonu
Makhleb
Nemelex Xobeh
Okawaru
Qazlal
Ru
Sif Muna
Trog
Uskayaw
Vehumet
Wu Jian
Xom
Yredelemnul
Zin
The Shining One
Jiyva

Shops:
D:4 [   D:5 (   D:10 =*   Orc :?([%

Portals:
Trove: D:10 (give 6 potions of agility)

Annotations:
Shoals:1 Roxanne


Innate Abilities, Weirdness & Mutations

Your spells do not cause hunger and MP costs are reduced by 1.
Your bright wings attract enemies. (Stealth-)
You cannot fit into any form of body armour.
Your shimmering scales are hard and can block incoming attacks. (AC +8, SH +8)
You are small and have problems with some larger weapons.
You can fly continuously.


Message History

A spatial vortex comes into view.
Unknown command.
Casting: Spellforged Servitor (quite dangerous; 12% risk of failure)
Confirm with . or Enter, or press ? or * to list all spells.
Aiming: Magic Dart (safe; 0% risk of failure)
Press: ? - help, Shift-Dir - straight line, f/p - Roxanne
Aim: Roxanne (almost destroyed)
The magic dart hits Roxanne.
Roxanne is almost destroyed.
Casting: Magic Dart (safe; 0% risk of failure)
Confirm with . or Enter, or press ? or * to list all spells.
Aiming: Magic Dart (safe; 0% risk of failure)
Press: ? - help, Shift-Dir - straight line, f/p - Roxanne
Aim: Roxanne (almost destroyed)
The magic dart hits Roxanne but does no damage.
Roxanne is almost destroyed.
Roxanne casts a spell.
The crystal spear hits you!!!
Ouch! That really hurt!
You die...

≈≈≈≈≈≈≈≈≈≈≈≈≈≈≈≈.# .≈≈≈....
≈≈≈≈≈≈≈≈≈≈≈≈≈≈≈..# ........
≈≈≈≈≈≈≈≈≈≈≈≈≈≈≈.#######......##..
≈≈≈≈≈≈≈≈≈≈≈≈≈≈≈≈.............#...
≈≈≈≈≈≈≈≈≈≈≈≈≈≈≈........(.........
≈≈≈≈≈≈≈≈≈≈≈≈≈≈≈...........≈≈≈..##
≈≈≈≈≈≈≈≈≈≈≈≈≈≈≈............≈...##
≈≈≈≈≈≈≈≈≈≈≈≈≈≈≈≈8....... #≈≈...#
≈≈≈≈≈≈≈≈≈≈≈≈≈≈≈≈@....... #......
≈≈≈≈≈≈≈≈≈≈≈≈≈≈≈......... ##.....
≈≈≈≈≈≈≈≈≈≈≈≈≈≈.......... ###..≈
≈≈≈≈≈≈≈≈≈≈≈≈≈v.......... ##..
≈≈≈≈≈≈≈≈≈≈≈≈≈........... ####..
≈≈≈≈≈≈≈≈≈≈≈≈≈........... .......
≈≈≈≈≈≈≈≈≈≈≈≈≈...........#......≈≈
≈≈≈≈≈≈≈≈≈≈≈≈^...........#..≈≈≈≈≈≈
≈≈≈≈≈≈≈≈≈≈≈≈≈≈..........#..≈≈≈≈≈≈


You could see Roxanne and a spatial vortex.

Vanquished Creatures
  Gastronok (D:9)
  Rupert (Lair:3)
  Asterion (Spider:3)
  A ghost moth (Spider:3)
  5 emperor scorpions (Spider:3)
  Aizul (Spider:3)
  3 entropy weavers
  2 spark wasps (Spider:3)
  Snorg (Lair:5)
  A fire dragon (Lair:6)
  4 ogre magi (Orc)
  7 hydras
  14 two-headed ogres
  A catoblepas (Lair:4)
  A sea snake (Shoals:1)
  11 death yaks
  A tengu warrior (D:9)
  Sonja (Orc)
  A fire crab (Lair:5)
  A lindwurm (Lair:6)
  Pikel (D:7)
  A cyclops (Shoals:1)
  29 wolf spiders
  2 orc sorcerers (Orc)
  2 oklob plants (Lair:3)
  An orc knight (Orc)
  An ugly thing (D:10)
  6 orb spiders
  2 fauns (Shoals:1)
  6 black mambas
  2 moths of wrath
  5 elephants
  2 merfolk sirens (Lair:2)
  A water nymph (Shoals:1)
  2 molten gargoyles (Lair:6)
  8 cane toads
  3 centaur skeletons
  A rime drake (Lair:5)
  14 demonic crawlers
  7 komodo dragons
  3 trolls
  A tengu conjurer (D:10)
  2 guardian mummies (D:10)
  16 jumping spiders
  A meliai (shapeshifter) (D:8)
  4 merfolk
  A polar bear (Lair:4)
  7 hornets (Spider:3)
  10 hippogriffs
  2 dream sheep (Shoals:1)
  2 shadows
  47 redbacks
  A vampire (D:10)
  15 tarantellas
  7 wyverns (Lair:6)
  43 yaks
  2 hungry ghosts
  5 basilisks (Lair:6)
  2 wargs
  3 steam dragons (Lair:6)
  3 hell hounds (Lair:6)
  10 water moccasins
  The ghost of dscm the Scratcher, an amateur FeFi (D:4)
  13 crocodiles
  4 porcupines
  4 ice beasts
  12 orc warriors
  3 sky beasts
  A black bear (Lair:4)
  35 ogres
  2 phantoms
  2 centaurs
  9 wolves
  3 big kobolds (D:10)
  An elf zombie (Ossuary)
  4 bullfrogs
  6 gnoll sergeants
  A water moccasin zombie (D:5)
  5 killer bees (D:7)
  5 scorpions
  A howler monkey (D:6)
  8 crimson imps
  2 bullfrog zombies
  5 lava snakes (Lair:6)
  17 jellies
  2 centaur zombies
  3 hounds
  A human zombie (Ossuary)
  5 orc priests
  4 iguanas
  9 orc wizards
  10 worker ants
  3 big kobold zombies (Ossuary)
  A hound zombie (D:5)
  2 hound skeletons
  2 mummies (Ossuary)
  A howler monkey skeleton (D:4)
  12 adders
  7 gnolls
  A shadow imp (D:7)
  3 oozes
  3 adder skeletons
  5 worms
  2 dart slugs
  43 orcs
  A ball python (D:1)
  4 giant cockroaches
  6 goblins
  6 hobgoblins
  11 jackals
  2 quokkas (D:2)
  2 bats
  2 frilled lizards
  2 gnoll zombies (Ossuary)
  A goblin zombie (Ossuary)
  2 hobgoblin zombies (Ossuary)
  A jackal zombie (D:5)
  5 kobolds
  A leopard gecko zombie (D:5)
  3 orc zombies (Ossuary)
  3 rats
  3 plants
660 creatures vanquished.

Vanquished Creatures (collateral kills)
  A merfolk avatar (Shoals:1)
  A sea snake (Shoals:1)
  A merfolk siren (Shoals:1)
  A wind drake (Shoals:1)
  3 snapping turtles (Shoals:1)
  A water elemental (Shoals:1)
  A plant (Shoals:1)
9 creatures vanquished.

Vanquished Creatures (others)
  A faun (Shoals:1)
  A merfolk siren (Shoals:1)
  A centaur (D:10)
  An orc (D:9)
  13 fungi
  3 plants (Shoals:1)
20 creatures vanquished.

Grand Total: 689 creatures vanquished

Notes
Turn   | Place    | Note
-------+----------+-------------------------------------------
     0 | D:1      | funkygono the Fairy Conjurer began the quest for the Orb.
     0 | D:1      | Reached XP level 1. HP: 11/11 MP: 6/6
   163 | D:1      | Reached skill level 5 in Conjurations
   298 | D:1      | Reached XP level 2. HP: 17/17 MP: 7/7
   302 | D:1      | Learned a level 2 spell: Searing Ray
   990 | D:2      | Reached XP level 3. HP: 14/21 MP: 7/9
   991 | D:2      | Reached skill level 3 in Spellcasting
  1340 | D:2      | Learned a level 3 spell: Iskenderun's Mystic Blast
  2031 | D:3      | Reached XP level 4. HP: 24/27 MP: 8/11
  2487 | D:3      | Learned a level 3 spell: Mephitic Cloud
  2511 | D:3      | Reached skill level 4 in Spellcasting
  2511 | D:3      | Reached XP level 5. HP: 30/31 MP: 6/13
  2705 | D:4      | Noticed an ogre
  2715 | D:4      | Killed an ogre
  2794 | D:4      | Reached XP level 6. HP: 36/36 MP: 13/15
  3042 | D:4      | Found Duikk's Antique Armour Emporium.
  3140 | D:4      | Found a large runed translucent door.
  3142 | D:4      | Found a large runed translucent door.
  3143 | D:4      | Noticed dscm's ghost (amateur FeFi)
  3188 | D:4      | Killed dscm's ghost
  3188 | D:4      | Reached skill level 5 in Spellcasting
  3188 | D:4      | Reached XP level 7. HP: 38/41 MP: 12/16
  3418 | D:4      | Found a sacrificial altar of Ru.
  3640 | D:4      | Reached skill level 1 in Air Magic
  3870 | D:4      | Found a staircase to the Ecumenical Temple.
  3879 | Temple   | Entered the Ecumenical Temple
  4007 | D:5      | Entered Level 5 of the Dungeon
  4007 | D:5      | Found Porchere's Weapon Shoppe.
  4007 | D:5      | Found an iron altar of Okawaru.
  4040 | D:5      | Reached skill level 6 in Spellcasting
  4143 | D:5      | Found a white marble altar of Elyvilon.
  4253 | D:5      | Reached XP level 8. HP: 47/47 MP: 16/19
  4450 | D:5      | Got a translucent flail
  4471 | D:5      | Reached skill level 1 in Short Blades
  4471 | D:5      | Reached skill level 5 in Dodging
  4489 | D:5      | Found a sand-covered staircase.
  4494 | Ossuary  | Entered an ossuary
  4551 | Ossuary  | Reached skill level 7 in Spellcasting
  4721 | Ossuary  | Reached skill level 1 in Fighting
  5012 | D:5      | Found a snail-covered altar of Cheibriados.
  5160 | D:6      | Noticed a hippogriff
  5164 | D:6      | Killed a hippogriff
  5164 | D:6      | Reached skill level 8 in Spellcasting
  5233 | D:6      | Reached XP level 9. HP: 28/53 MP: 15/23
  5537 | D:6      | Learned a level 5 spell: Venom Bolt
  5543 | D:6      | Learned a level 3 spell: Ignite Poison
  5586 | D:6      | Noticed a troll
  5591 | D:6      | Killed a troll
  5591 | D:6      | Reached skill level 1 in Fire Magic
  5591 | D:6      | Reached skill level 1 in Poison Magic
  5617 | D:6      | Reached skill level 9 in Spellcasting
  5742 | D:6      | Reached skill level 10 in Conjurations
  5850 | D:6      | Found a stormy altar of Qazlal.
  6332 | D:6      | Identified the +3 flail of Fedhas's Anger {flame, +Rage rC+
                  | Str-4} (You found it on level 5 of the Dungeon)
  6801 | D:7      | Found a staircase to the Lair.
  6806 | D:7      | Reached XP level 10. HP: 60/60 MP: 17/25
  6957 | D:7      | Reached skill level 10 in Spellcasting
  7085 | D:7      | Noticed Pikel
  7089 | D:7      | Killed Pikel
  7461 | D:8      | Noticed a two-headed ogre
  7461 | D:8      | Noticed a six-headed hydra
  7500 | D:8      | Slain by a six-headed hydra
  7501 | D:8      | Reached XP level 9. HP: -4/54 MP: 17/25
  7543 | D:8      | Noticed a meliai
  7547 | D:8      | Killed a meliai
  7642 | D:8      | Killed a six-headed hydra
  7642 | D:8      | Reached skill level 5 in Poison Magic
  7642 | D:8      | Reached XP level 10. HP: 36/60 MP: 0/26
  7930 | D:8      | Found a glowing silver altar of Zin.
  7951 | D:8      | Killed a two-headed ogre
  7951 | D:8      | Reached skill level 11 in Spellcasting
  7951 | D:8      | Reached skill level 5 in Fire Magic
  8268 | D:8      | Found a glowing golden altar of the Shining One.
  8268 | D:8      | Found a hazy altar of Hepliaklqana.
  8269 | D:8      | Found a shattered altar of Ashenzari.
  8271 | D:8      | Found a radiant altar of Vehumet.
  8627 | D:8      | Became a worshipper of Vehumet
  8628 | D:8      | Upgraded the game from bcrawl-1.22 to
                  | bcrawl-1.22-25-g67c3e499a2
  8757 | D:9      | Noticed Gastronok
  8776 | D:9      | Killed Gastronok
  8776 | D:9      | Reached XP level 11. HP: 66/66 MP: 0/28
  9252 | D:9      | Reached skill level 12 in Spellcasting
  9588 | D:9      | Reached * piety under Vehumet
  9588 | D:9      | Offered knowledge of Sandblast by Vehumet.
  9793 | D:10     | Entered Level 10 of the Dungeon
  9795 | D:10     | Noticed a tengu warrior
  9816 | D:9      | Killed a tengu warrior
 10523 | D:10     | Reached skill level 1 in Transmutations
 10934 | D:10     | Found a staircase to the Orcish Mines.
 11085 | D:10     | Found a portal to a secret trove of treasure.
 11296 | D:10     | Found Diaxeroug's Assorted Antiques.
 11306 | D:10     | Noticed a seven-headed hydra
 11312 | D:10     | Killed a seven-headed hydra
 11312 | D:10     | Reached XP level 12. HP: 72/72 MP: 14/30
 11611 | D:10     | Found Wyrageto's Jewellery Boutique.
 11736 | Lair:1   | Entered Level 1 of the Lair of Beasts
 11744 | D:7      | Reached skill level 1 in Shields
 11802 | Lair:1   | Offered knowledge of Flame Tongue by Vehumet.
 11806 | Lair:1   | Reached ** piety under Vehumet
 11809 | Lair:1   | Learned a level 1 spell: Flame Tongue
 12209 | Lair:1   | Reached skill level 13 in Spellcasting
 12836 | Lair:2   | Offered knowledge of Stone Arrow by Vehumet.
 12906 | Lair:2   | Reached *** piety under Vehumet
 13257 | Lair:2   | Learned a level 3 spell: Stone Arrow
 13355 | Lair:2   | Reached XP level 13. HP: 76/76 MP: 32/32
 13445 | Lair:2   | Found a staircase to the Shoals.
 13778 | Lair:3   | Reached skill level 14 in Spellcasting
 13848 | Lair:3   | Offered knowledge of Sticky Flame by Vehumet.
 14035 | Lair:3   | Noticed Rupert
 14052 | Lair:3   | Killed Rupert
 14052 | Lair:3   | Reached skill level 1 in Earth Magic
 15052 | Lair:4   | Found a hole to the Spider Nest.
 15180 | Lair:4   | Reached skill level 5 in Shields
 15673 | Lair:5   | Reached **** piety under Vehumet
 15678 | Lair:5   | Reached skill level 15 in Spellcasting
 15704 | Lair:5   | Offered knowledge of Airstrike by Vehumet.
 15704 | Lair:5   | Reached skill level 15 in Conjurations
 15744 | Lair:5   | Reached skill level 10 in Dodging
 16093 | Lair:5   | Reached XP level 14. HP: 80/83 MP: 35/35
 16094 | Lair:5   | Noticed Snorg
 16106 | Lair:5   | Killed Snorg
 16964 | Lair:6   | Entered Level 6 of the Lair of Beasts
 17149 | Lair:6   | Found a staircase to the Slime Pits.
 17149 | Lair:6   | Found a viscous altar of Jiyva.
 17440 | Lair:6   | Reached ***** piety under Vehumet
 17444 | Lair:6   | Offered knowledge of Fireball by Vehumet.
 17451 | Lair:6   | Learned a level 5 spell: Fireball
 17507 | Lair:6   | Reached skill level 10 in Poison Magic
 17702 | Lair:6   | Found a large runed door.
 17704 | Lair:6   | Found a large runed door.
 18196 | Lair:6   | Reached skill level 16 in Spellcasting
 19170 | D:7      | Upgraded the game from bcrawl-1.22-25-g67c3e499a2 to
                  | bcrawl-1.22-26-g3963c97c8d
 19273 | Orc      | Entered the Orcish Mines
 19273 | Orc      | Noticed Sonja
 19286 | Orc      | Killed Sonja
 19430 | Orc      | Found a staircase to the Elven Halls.
 19475 | Orc      | Reached XP level 15. HP: 88/88 MP: 18/37
 19882 | D:10     | Reached skill level 17 in Spellcasting
 20259 | Orc      | Found Jenu's Book Emporium.
 20269 | Orc      | Bought a manual of Fire Magic for 1435 gold pieces
 20341 | Orc      | Found Rimpea's Antique Weapon Emporium.
 20341 | Orc      | Found Ena Irr's Food Shop.
 20341 | Orc      | Found Alyfoafu's Magic Scroll Boutique.
 20341 | Orc      | Found Romacw's Antique Armour Emporium.
 20473 | Orc      | Bought a scroll of enchant armour for 135 gold pieces
 20769 | Spider:1 | Entered Level 1 of the Spider Nest
 23063 | Spider:2 | Offered knowledge of Spellforged Servitor by Vehumet.
 23070 | Spider:2 | Learned a level 5 spell: Lightning Bolt
 23073 | Spider:2 | Reached skill level 18 in Spellcasting
 23239 | Spider:2 | Identified a scroll of acquirement
 23239 | Spider:2 | Identified the +0 pair of boots "Pes Ysea" {*Drain rN++
                  | Slay+5} (You acquired it on level 2 of the Spider Nest)
 23239 | Spider:2 | Identified the amulet of Boelunas {+Rage rN+ Str+4 Dex+4}
                  | (You acquired it on level 2 of the Spider Nest)
 23429 | Spider:3 | Entered Level 3 of the Spider Nest
 23534 | Spider:3 | Reached XP level 16. HP: 95/95 MP: 38/40
 23558 | Spider:3 | HP: 4/95 [entropy weaver (14)]
 23560 | Spider:3 | Slain by an entropy weaver
 23561 | Spider:3 | Reached XP level 15. HP: -3/89 MP: 8/49
 23577 | Spider:3 | Reached ****** piety under Vehumet
 23928 | Spider:3 | Noticed an emperor scorpion
 23928 | Spider:3 | Noticed an emperor scorpion
 23933 | Spider:3 | Killed an emperor scorpion
 23938 | Spider:3 | Killed an emperor scorpion
 24025 | Spider:3 | Noticed an emperor scorpion
 24030 | Spider:3 | Killed an emperor scorpion
 24037 | Spider:3 | Noticed an emperor scorpion
 24041 | Spider:3 | Killed an emperor scorpion
 24044 | Spider:3 | Noticed Aizul
 24315 | Spider:3 | Reached skill level 5 in Air Magic
 24460 | Spider:3 | Noticed Asterion
 24464 | Spider:3 | Killed Asterion
 24725 | Spider:3 | Killed a ghost moth
 25046 | Spider:3 | Killed Aizul
 25478 | Spider:3 | Noticed an emperor scorpion
 25513 | Spider:3 | Killed an emperor scorpion
 25827 | Spider:3 | Got a gossamer rune of Zot
 26093 | D:7      | Learned a level 7 spell: Spellforged Servitor
 26169 | Shoals:1 | Entered Level 1 of the Shoals
 26245 | Shoals:1 | Offered knowledge of Bolt of Fire by Vehumet.
 26253 | Shoals:1 | Learned a level 6 spell: Bolt of Fire
 26975 | Shoals:1 | Reached XP level 16. HP: 95/95 MP: 34/40
 27046 | Shoals:1 | Noticed Roxanne
 27081 | Shoals:1 | Killed from afar by Roxanne

Skill      XL: |  1  2  3  4  5  6  7  8  9 10 11 12 13 14 15 |
---------------+----------------------------------------------+-----
Conjurations   | 5 6 7 8 9 10 12 13 14 15 16 17 | 17.9
Spellcasting   | 3 4 5 6 8 9 11 12 13 15 16 18 | 18.9
Dodging        | 3 4 5 8 9 10 11 | 11.7
Air Magic      | 1 2 3 5 |  5.4
Short Blades   | 2 3 4 |  4.3
Fighting       | 1 2 3 |  3.8
Fire Magic     | 4 6 7 8 9 |  9.0
Poison Magic   | 5 6 7 8 9 10 12 | 12.7
Transmutations | 1 2 3 |  3.4
Shields        | 4 5 7 8 |  8.7
Earth Magic    | 2 3 |  3.2
Stealth        | |  1.5
Summonings     | |  0.3

Action                   |  1- 3 |  4- 6 |  7- 9 | 10-12 | 13-15 | 16-18 || total
-------------------------+-------+-------+-------+-------+-------+-------++-------
Melee: Dagger            |    18 |    30 |   155 |    84 |    72 |     8 ||   367
 Cast: Magic Dart        |    54 |    37 |   134 |   138 |   139 |    15 ||   517
       Searing Ray       |    11 |     9 |    26 |    28 |    19 |     1 ||    94
       Iskenderun's Myst |     1 |       |    67 |   116 |   140 |       ||   324
       Mephitic Cloud    |       |     3 |     6 |    15 |    17 |       ||    41
       Ignite Poison     |       |       |     2 |    19 |    26 |       ||    47
       Venom Bolt        |       |       |       |    66 |   310 |     6 ||   382
       Flame Tongue      |       |       |       |    24 |     7 |       ||    31
       Stone Arrow       |       |       |       |     2 |    58 |       ||    60
       Fireball          |       |       |       |       |    19 |       ||    19
       Lightning Bolt    |       |       |       |       |    27 |     5 ||    32
       Bolt of Fire      |       |       |       |       |    16 |    10 ||    26
       Spellforged Servi |       |       |       |       |    10 |       ||    10
  Use: Scroll            |     5 |       |     7 |     7 |    16 |       ||    35
       Potion            |       |       |       |     1 |     8 |     1 ||    10
  Eat: Chunk             |     3 |     4 |    10 |    17 |    21 |     1 ||    56
       Ration            |       |       |     1 |     1 |     6 |       ||     8
Armor: Skin              |     4 |     8 |    23 |    26 |   117 |     3 ||   181
Dodge: Dodged            |    29 |    26 |   181 |   106 |   255 |    15 ||   612
Block: Other             |     9 |     8 |    52 |    36 |       |       ||   105
       Reflection        |       |       |       |     8 |    17 |     3 ||    28
       Buckler           |       |       |       |    90 |   392 |    14 ||   496
